[Event "Early-Titled-Tuesday-Blitz-January-16-2024"]
[Site "Chess.com"]
[Date "2024.01.16"]
[Round "9"]
[White "LangesNasenhaar"]
[Black "NowInChess"]
[Result "1/2-1/2"]
[WhiteElo "2406"]
[BlackElo "2295"]
[TimeControl "180+1"]
[EndTime "9:48:17 PST"]
[Termination "Game drawn - insufficient material"]

1. Nf3 Nf6 2. g3 g6 3. b3 b5 4. Bb2 Bg7 5. Bg2 Bb7 6. O-O O-O 7. c4 bxc4 8. bxc4 d6 9. d3 Nbd7 10. Nc3 c5 11. Rb1 Rb8 12. Qa4 a6 13. Nd2 Bxg2 14. Kxg2 Qc7 15. Nd5 Nxd5 16. Bxg7 Ne3+ 17. fxe3 Kxg7 18.
Ne4 Ne5 19. h3 h6 20. Nc3 Qc6+ 21. Qxc6 Nxc6 22. Nd5 e6 23. Nc7 a5 24. Nb5 Rfd8 25.
e4 Nd4 26. Nxd4 cxd4 27. Rb5 Rxb5 28. cxb5 a4 29. Rb1 Rb8 30. b6 Rb7 31. Rb4 e5 32.
Kf2 Kf6 33. Ke1 Ke6 34. Kd2 d5 35. Kc2 dxe4 36. dxe4 f5 37. Kd3 Kd6 38. exf5 gxf5 39. g4 fxg4 40. hxg4 Kc5 41. Rxa4 Rxb6 42. Ra5+ Kd6 43.
Ke4 Rb2 44. Rd5+ Kc6 45. Rxe5 Rxe2+ 46. Kxd4 Rg2 47. Re6+ Kb5 48. Rg6 Rxa2 49. Rxh6 Ra4+ 50.
Ke3 Rxg4 51. Rh5+ Kb4 52. Rf5 Rc4 53. Rf4 Rxf4 54. Kxf4 1/2-1/2

[Event "Early-Titled-Tuesday-Blitz-January-16-2024"]
[Site "Chess.com"]
[Date "2024.01.16"]
[Round "9"]
[White "GrotBchess"]
[Black "ATM622"]
[Result "1-0"]
[WhiteElo "2320"]
[BlackElo "2475"]
[TimeControl "180+1"]
[EndTime "9:48:18 PST"]
[Termination "GrotBchess won by resignation"]

1. e4 c6 2. d4 d5 3. Nd2 dxe4 4. Nxe4 Bf5 5. Ng3 Bg6 6. c3 Nf6 7. Nh3 h6 8. Nf4 Bh7 9. Bc4 e6 10. Qb3 b5 11. Be2 Bd6 12. Bf3 O-O 13. O-O Qc7 14. Nfh5 Nbd7 15. Nxf6+ Nxf6 16. Re1 Rfe8 17. Bd2 e5 18.
dxe5 Bxe5 19. a4 a6 20. axb5 axb5 21. Rxa8 Rxa8 22. Bxc6 Qxc6 23. Rxe5 Rd8 24. Re7 Bg6 25. Re2 Bd3 26. Re1 Bc4 27. Qc2 Qd5 28. Be3 Bd3 29.
Qc1 Kh7 30. h3 Qc4 31. Bd4 Nd5 32. Nh5 f6 33. Qd1 Bg6 34. Qf3 Qc7 35. Ng3 Qf7 36. h4 h5 37. Nf5 Rd7 38. Ne3 Ne7 39. Bc5 Ng8 40. Nf5 Rd5 41. Nd6 Qe6 42. Rxe6 Rxc5 43. Re1 Re5 44. Rxe5 fxe5 45. Ne4 Ne7 46. Ng5+ Kh6 47.
Qf8 Nf5 48. Qh8+ 1-0

[Event "Early-Titled-Tuesday-Blitz-January-16-2024"]
[Site "Chess.com"]
[Date "2024.01.16"]
[Round "9"]
[White "K_A_S_T_O_R"]
[Black "GothamChess"]
[Result "1-0"]
[WhiteElo "2919"]
[BlackElo "2728"]
[TimeControl "180+1"]
[EndTime "9:48:19 PST"]
[Termination "K_A_S_T_O_R won on time"]

1. e4 e6 2. d4 d5 3. Nc3 dxe4 4. Nxe4 Nf6 5. Nxf6+ gxf6 6. Nf3 Nc6 7. Bc4 Rg8 8. g3 b6 9. c3 Bb7 10. Qe2 Ne7 11.
Bb5+ c6 12. Ba4 Qd7 13. Rg1 O-O-O 14. Bd2 Kb8 15. O-O-O Ng6 16. h4 Bd6 17. h5 Ne7 18.
Nh4 Qc7 19. Kb1 c5 20. Nf3 a6 21. Be3 c4 22. Bc2 f5 23. Ne5 Bxe5 24. dxe5 Nd5 25. Bh6 b5 26. g4 Rxg4 27. Rxg4 fxg4 28. Qxg4 Qxe5 29. Bf4 Nxf4 30. Rxd8+ Kc7 31. Rf8 f5 32. Qd1 Nd3 33. Rf7+ Kb6 34. Qg1 Qc5 35. Rxh7 b4 36. cxb4 Nxb4 37. Qe1 Nxc2 38. Kxc2 Be4+ 39. Kc1 1-0

[Event "Early-Titled-Tuesday-Blitz-January-16-2024"]
[Site "Chess.com"]
[Date "2024.01.16"]
[Round "9"]
[White "IMRosen"]
[Black "Gabrielian_Artur"]
[Result "1-0"]
[WhiteElo "2663"]
[BlackElo "2782"]
[TimeControl "180+1"]
[EndTime "9:48:19 PST"]
[Termination "IMRosen won by checkmate"]

1. d4 Nf6 2. Bf4 d5 3. e3 e6 4. Nf3 Bd6 5. Ne5 O-O 6. Nd2 c5 7. c3 Qc7 8. Bd3 Nbd7 9. Ndf3 b6 10. O-O Bb7 11. Rc1 c4 12. Bb1 b5 13. Re1 a5 14.
Nxd7 Qxd7 15. Ne5 Qc7 16. Qf3 Ne4 17. Bxe4 dxe4 18. Qg3 f6 19. Ng6 Bxf4 20. Nxf4 Rfe8 21. h4 Rac8 22. h5 h6 23. Red1 Bd5 24. Qg4 Qf7 25. f3 exf3 26. gxf3 Bb7 27. Kf2 b4 28. Rg1 Rc7 29.
Ng6 e5 30. dxe5 fxe5 31. Rcd1 Qf6 32. e4 Rf7 33. Rd2 Bc8 34. Qg3 Bb7 35. Qg4 a4 36. a3 bxc3 37. bxc3 Qb6+ 38. Ke2 Bc8 39. Qg3 Qf6 40. Rgd1 Kh7 41. Rd6 Re6 42. Rd8 Re8 43. Rxe8 Qb6 44. Rh8# 1-0

[Event "Early-Titled-Tuesday-Blitz-January-16-2024"]
[Site "Chess.com"]
[Date "2024.01.16"]
[Round "9"]
[White "krzyzan94"]
[Black "HPanesso"]
[Result "1-0"]
[WhiteElo "2813"]
[BlackElo "2648"]
[TimeControl "180+1"]
[EndTime "9:48:20 PST"]
[Termination "krzyzan94 won by checkmate"]

1. Nf3 c5 2. e4 e6 3. d4 cxd4 4.
Nxd4 Nf6 5. Nc3 Nc6 6. a3 a6 7.
Nxc6 bxc6 8. e5 Nd5 9. Ne4 f5 10.
exf6 Nxf6 11. Bd3 d5 12. Nxf6+ Qxf6 13. O-O e5 14. Qh5+ Kd7 15. Bg5 Qd6 16. Qf7+ Be7 17. Bf5+ Kd8 18. Qxg7 Re8 19. Bxh7 Bxg5 20. Qxg5+ Kc7 21.
c4 Be6 22. cxd5 Bxd5 23. Qe3 e4 24. Bf5 Re5 25. Bh3 Kb7 26. Rfd1 Rh8 27. Rd4 a5 28. Rad1 Qg6 29. b4 Reh5 30. Kf1 Qd6 31. b5 Qxh2 32. bxc6+ Bxc6 33. Rd7+ Kc8 34. Rd8+ Kb7 35. R1d7+ Bxd7 36. Rxd7+ Ka6 37. Ra7+ Kb5 38. Qb3+ Kc5 39. Rxa5+ Kc6 40.
Ra6+ Kc7 41. Qb6# 1-0

[Event "Early-Titled-Tuesday-Blitz-January-16-2024"]
[Site "Chess.com"]
[Date "2024.01.16"]
[Round "9"]
[White "Grischuk"]
[Black "klimkoj"]
[Result "1-0"]
[WhiteElo "3085"]
[BlackElo "2870"]
[TimeControl "180+1"]
[EndTime "9:48:21 PST"]
[Termination "Grischuk won by resignation"]

1. d4 Nf6 2. c4 e6 3. Bg5 Bb4+ 4. Nd2 d5 5. e3 O-O 6. Nf3 h6 7. Bh4 Nbd7 8. Rc1 a6 9. a3 Be7 10. Be2 dxc4 11. Nxc4 c5 12. O-O b5 13. Nce5 Bb7 14. Bxf6 Nxf6 15. dxc5 Bd5 16. b4 Qc7 17. Qc2 a5 18. Qb1 axb4 19. axb4 Ra3 20. Bxb5 Rb3 21. Qc2 Rxb4 22. Be2 Rfb8 23. Nd3 Be4 24. Qd2 Bxd3 25. Qxd3 Rb2 26. c6 Nd5 27. Nd4 Bf6 28. Bf3 Ne7 29. h3 e5 30. Nf5 Ng6 31. Rfd1 Nf8 32. Qd6 Rc8 33. Nxh6+ Kh8 34. Nf5 Ne6 35. Qxc7 Rxc7 36. Rd7 e4 37. Bxe4 Ng5 38. Rxc7 Nxe4 39. Rxf7 Nxf2 40. c7 1-0

[Event "Early-Titled-Tuesday-Blitz-January-16-2024"]
[Site "Chess.com"]
[Date "2024.01.16"]
[Round "9"]
[White "tteshan"]
[Black "PepeCuenca"]
[Result "1/2-1/2"]
[WhiteElo "2612"]
[BlackElo "2703"]
[TimeControl "180+1"]
[EndTime "9:48:21 PST"]
[Termination "Game drawn by repetition"]

1. e4 c5 2. c3 Nf6 3. e5 Nd5 4. Nf3 Nc6 5. Bc4 Nb6 6. Bb3 c4 7. Bc2 d6 8. exd6 Qxd6 9. O-O Bg4 10. Re1 O-O-O 11. b3 Ne5 12. Rxe5 Bxf3 13. Qe1 Bc6 14. Na3 f6 15. Re3 cxb3 16. axb3 e5 17. Bf5+ Kb8 18.
Nc2 Nd5 19. Rg3 g6 20. Be4 f5 21. Ba3 Qc7 22. Bxd5 Bxd5 23. Bxf8 Rhxf8 24. c4 Be4 25. Nb4 Rfe8 26. d3 f4 27. dxe4 fxg3 28. hxg3 Qc5 29.
Nd5 Rf8 30. Ra5 Qd4 31. Ra2 Rd7 32. Rd2 Qc5 33. Qe2 a5 34. Qg4 Rdf7 35. Ne3 Qb4 36. Qd1 Qc3 37. Rd8+ Rxd8 38. Qxd8+ Ka7 39. Nd5 Qc1+ 40.
Kh2 Qh6+ 41. Kg1 Qc1+ 42. Kh2 Qh6+ 43. Kg1 Qc1+ 1/2-1/2

[Event "Early-Titled-Tuesday-Blitz-January-16-2024"]
[Site "Chess.com"]
[Date "2024.01.16"]
[Round "9"]
[White "ninguno46"]
[Black "Alexei_Kornev"]
[Result "1/2-1/2"]
[WhiteElo "2547"]
[BlackElo "2703"]
[TimeControl "180+1"]
[EndTime "9:48:21 PST"]
[Termination "Game drawn - insufficient material"]

1. d4 Nf6 2. c4 g6 3. Nc3 d5 4. Nf3 Bg7 5. Bg5 Ne4 6. Bh4 Nxc3 7.
bxc3 c5 8. cxd5 Qxd5 9. e3 Nc6 10. Be2 cxd4 11. cxd4 Qa5+ 12. Qd2 Qxd2+ 13. Kxd2 O-O 14.
Rab1 b6 15. Rhc1 Bb7 16. Bb5 Rfc8 17. Bxc6 Bxc6 18. Bxe7 Bd5 19. Rxc8+ Rxc8 20. a3 f6 21. Rc1 Rxc1 22. Kxc1 Kf7 23. Bd6 Ke6 24. Bb8 Bf8 25.
Kb2 a6 26. Ba7 b5 27. Bb6 Bd6 28. h3 h5 29. Ne1 g5 30. f3 f5 31. Bc5 Bxc5 32.
dxc5 Bc4 33. f4 gxf4 34. exf4 Kd5 35. Kc3 Kxc5 36. Nf3 a5 37. Ne5 b4+ 38. axb4+ axb4+ 39. Kb2 Bf1 40. g4 fxg4 41. hxg4 h4 42. g5 h3 43. g6 h2 44. g7 h1=Q 45. g8=Q Qh2+ 46. Ka1 Qxf4 47.
Qc8+ Kd4 48. Nc6+ Kc3 49. Na5+ Kd3 50. Qd7+ Ke2 51. Qe6+ Kf2 52. Qa2+ Kg1 53. Qb2 Bd3 54. Nb3 Bf1 55. Qd4+ Qxd4+ 56. Nxd4 Kf2 57. Nc6 b3 58. Na5 Be2 59. Nxb3 1/2-1/2

[Event "Early-Titled-Tuesday-Blitz-January-16-2024"]
[Site "Chess.com"]
[Date "2024.01.16"]
[Round "9"]
[White "Allion2017"]
[Black "stepanosinovsky"]
[Result "0-1"]
[WhiteElo "2052"]
[BlackElo "2386"]
[TimeControl "180+1"]
[EndTime "9:48:22 PST"]
[Termination "stepanosinovsky won by resignation"]

1. d4 Nf6 2. c4 g6 3. Nc3 Bg7 4.
e4 O-O 5. f3 d6 6. Be3 c5 7. dxc5 dxc5 8. Qxd8 Rxd8 9. Bxc5 Nc6 10. Ba3 b6 11. Rd1 Nd4 12. Kf2 e6 13. Nge2 Ne8 14.
Nb5 e5 15. Nexd4 exd4 16. Bd3 a6 17. f4 axb5 18. cxb5 Nf6 19. e5 Ng4+ 20. Kg3 Ne3 21.
Rc1 Bf5 22. Bxf5 Nxf5+ 23. Kf3 h5 24. Rc7 d3 25. Rd1 Nd4+ 26. Ke4 Nxb5 27. Rb7 Ra4+ 28. Ke3 Nxa3 29. bxa3 Rxa3 30. Rxb6 Bf8 31. Rc6 d2+ 32. Ke2 Rxa2 33. g3 Rb2 34. e6 fxe6 35. Rxe6 Kf7 36.
Rc6 Rd7 37. h3 Bb4 38. g4 Re7+ 39. Kf2 hxg4 40. hxg4 Re1 41. Rc7+ Ke6 42. Rc6+ Kd5 43. Rxd2+ Rxd2+ 44. Kxe1 Kxc6 0-1

[Event "Early-Titled-Tuesday-Blitz-January-16-2024"]
[Site "Chess.com"]
[Date "2024.01.16"]
[Round "9"]
[White "bubeliang"]
[Black "TigrVShlyape"]
[Result "0-1"]
[WhiteElo "2772"]
[BlackElo "2940"]
[TimeControl "180+1"]
[EndTime "9:48:23 PST"]
[Termination "TigrVShlyape won on time"]

1. e4 d5 2. exd5 Qxd5 3. Nc3 Qa5 4. Bc4 Nf6 5. Nge2 Bg4 6. O-O Nbd7 7. d4 c6 8. Be3 e6 9. f3 Bf5 10. Ng3 Bg6 11. Nce4 Be7 12. c3 O-O 13. Qc2 c5 14. Bd3 Nd5 15. Bf2 cxd4 16. Bxd4 Nf4 17. Be3 Nxd3 18.
Qxd3 Ne5 19. Qe2 Rac8 20. Rad1 Qxa2 21. Ra1 Qc4 22. Qxc4 Nxc4 23. Bxa7 h5 24. b3 Ne5 25.
Ne2 Rfd8 26. Bd4 Nc6 27. Rfd1 Nxd4 28. Rxd4 Rxd4 29. cxd4 h4 30. Ra7 Rc7 31. Nc5 Bxc5 32. dxc5 Rxc5 33. Rxb7 e5 34. Kf2 f6 35. b4 Rc2 36. Ke3 Rb2 37. b5 Rb3+ 38. Kd2 h3 39. gxh3 Rd3+ 40. Ke1 Rxf3 41. Ng3 Rf4 42. b6 Rb4 43. Kf2 Kh7 44. Rb8 f5 45. Ne2 Rb2 46. Ke1 f4 47. Rd8 Rxb6 48. Rd5 Re6 49. Kf2 Kh6 50.
Ng1 Kg5 51. Nf3+ Kf6 0-1

[Event "Early-Titled-Tuesday-Blitz-January-16-2024"]
[Site "Chess.com"]
[Date "2024.01.16"]
[Round "9"]
[White "SergioMoralesG"]
[Black "Kildepiotr"]
[Result "0-1"]
[WhiteElo "2447"]
[BlackElo "2662"]
[TimeControl "180+1"]
[EndTime "9:48:23 PST"]
[Termination "Kildepiotr won on time"]

1. d4 c5 2. d5 e5 3. Nc3 d6 4.
e4 Be7 5. a4 Bg5 6. Nf3 Bxc1 7.
Qxc1 Ne7 8. Bd3 O-O 9. h3 Ng6 10.
Ne2 Nd7 11. a5 Nf6 12. g3 c4 13. Bxc4 Nxe4 14. Qe3 Nc5 15. h4 Ne7 16. Nxe5 Nf5 17.
Qa3 Re8 18. Nf3 Qf6 19. O-O-O Bd7 20. Nf4 b5 21. Bd3 Rab8 22. Qb4 Na6 23. Qc3 Qh6 24. Bxf5 Bxf5 25. Nd4 Be4 26. Nc6 Bxh1 27. Nxb8 Rxb8 28. Rxh1 Nc5 29. b4 Ne4 30. Qe3 f5 31. Qxa7 Rf8 32. Qe7 Nxf2 33. Qe6+ Qxe6 34. Nxe6 Rc8 35. Rf1 Nd3+ 36.
Kd2 Nxb4 37. Rxf5 Rxc2+ 38. Kd1 Rc8 39. h5 g6 40. Rg5 Kf7 41. hxg6+ hxg6 42. Nf4 Ra8 43.
Rxg6 Nxd5 0-1

[Event "Early-Titled-Tuesday-Blitz-January-16-2024"]
[Site "Chess.com"]
[Date "2024.01.16"]
[Round "9"]
[White "GiorgianBarbosa"]
[Black "Predator0608"]
[Result "0-1"]
[WhiteElo "2599"]
[BlackElo "2496"]
[TimeControl "180+1"]
[EndTime "9:48:23 PST"]
[Termination "Predator0608 won on time"]

1. c4 e5 2. g3 Nf6 3. Bg2 d5 4. cxd5 Nxd5 5. Nf3 Nc6 6. O-O Be6 7. d4 e4 8. Ng5 Qd7 9. Nxe4 Bh3 10. Bxh3 Qxh3 11. Ng5 Qd7 12. e4 Nb6 13. d5 Ne5 14. Nf3 Ng6 15.
Nc3 h5 16. h4 O-O-O 17. a4 Nc4 18. Qd4 Nd6 19. Qxa7 Qg4 20. Nh2 Qh3 21. Nb5 Nxb5 22. axb5 Bd6 23. Qa8+ Kd7 24. Qxb7 Nxh4 25. Qc6+ Ke7 26.
Bg5+ f6 27. Bxh4 g5 28. e5 Bxe5 29. Bxg5 Rhg8 30. Be3 Bxg3 31. Qe6+ Qxe6 32. dxe6 Be5+ 33. Kh1 Rd5 34. Rg1 Rb8 35. Rg7+ Kxe6 36. Rag1 Rdxb5 37. Rh7 Rxb2 38. Rxh5 R8b3 39. Rh3 c5 40. Ng4 Bd4 41. Rf3 f5 42. Bxd4 cxd4 43. Rxb3 Rxb3 0-1

[Event "Early-Titled-Tuesday-Blitz-January-16-2024"]
[Site "Chess.com"]
[Date "2024.01.16"]
[Round "9"]
[White "Phelathegreat"]
[Black "valik3504"]
[Result "1-0"]
[WhiteElo "2455"]
[BlackElo "2542"]
[TimeControl "180+1"]
[EndTime "9:48:23 PST"]
[Termination "Phelathegreat won by checkmate"]

1. d4 Nf6 2. c4 c5 3. d5 g6 4.
Nc3 Bg7 5. e4 d6 6. Be2 O-O 7.
Nf3 e6 8. O-O Re8 9. Nd2 Na6 10.
f4 Nc7 11. Kh1 exd5 12. cxd5 b5 13. Nxb5 Nxe4 14. Nxe4 Rxe4 15. Nc3 Rd4 16. Qb3 Bf5 17. Be3 Rb4 18. Qa3 Rab8 19. Bc1 a5 20. Bf3 Nb5 21.
Nxb5 R8xb5 22. Be2 Rb8 23. Bf3 h5 24. Re1 h4 25. h3 a4 26. Kh2 Qd7 27. Re2 Kh7 28. Qe3 Bxb2 29. Bxb2 Rxb2 30. Rae1 Rxe2 31. Rxe2 Rb1 32.
Qf2 Qd8 33. Re3 Kg7 34. Qe2 Qf6 35. Re8 Qa1 36. g4 hxg3+ 37. Kxg3 Qd4 38. Qf2 Rg1+ 39.
Bg2 Qc3+ 40. Kh2 Rc1 41. Qh4 Qf6 42. Qh8# 1-0

[Event "Early-Titled-Tuesday-Blitz-January-16-2024"]
[Site "Chess.com"]
[Date "2024.01.16"]
[Round "9"]
[White "mertfelin"]
[Black "Masterisback04"]
[Result "1-0"]
[WhiteElo "2225"]
[BlackElo "1788"]
[TimeControl "180+1"]
[EndTime "9:48:23 PST"]
[Termination "mertfelin won on time"]

1. e4 c6 2. Nc3 d5 3. Nf3 Bg4 4. h3 Bxf3 5. Qxf3 e6 6. Be2 Nf6 7. O-O dxe4 8. Nxe4 Nxe4 9. Qxe4 Qd5 10. Qg4 Nd7 11.
c3 Nf6 12. Qa4 Qe4 13. Qxe4 Nxe4 14. d4 Bd6 15. a4 a5 16. Be3 Ke7 17. g3 h5 18.
Rfd1 h4 19. g4 f5 20. Bd3 Raf8 21. Bxe4 fxe4 22. Bg5+ Kd7 23. Re1 Rf3 24. Kg2 Rhf8 25. Bxh4 Be7 26. Bg3 Bd6 27. Re2 Bxg3 28. fxg3 e3 29.
Rae1 Kd6 30. g5 Kd5 31. b3 b5 32. Rxe3 Rxe3 33. Rxe3 bxa4 34. Re5+ Kd6 35. bxa4 Rb8 36.
Rxa5 Rb3 37. Rc5 Ra3 38. a5 Ra2+ 39. Kf3 g6 40. h4 Ra1 41. Kg4 Ra2 42. h5 gxh5+ 43.
Kxh5 Rh2+ 44. Kg4 Rh8 45. g6 Rg8 46. Kg5 Kd7 47. a6 Kc7 48. Kf6 Kb6 49. g7 Kxa6 50.
Kf7 1-0

[Event "Early-Titled-Tuesday-Blitz-January-16-2024"]
[Site "Chess.com"]
[Date "2024.01.16"]
[Round "9"]
[White "yonaltimur"]
[Black "masterofpuppets2"]
[Result "0-1"]
[WhiteElo "2323"]
[BlackElo "2537"]
[TimeControl "180+1"]
[EndTime "9:48:24 PST"]
[Termination "masterofpuppets2 won on time"]

1. e4 c5 2. Nf3 Nc6 3. Bb5 e6 4. O-O Nge7 5. c3 d5 6. exd5 Qxd5 7. d4 cxd4 8. Nxd4 Bd7 9. Nxc6 Qxb5 10. Nd4 Qa5 11. Na3 Rc8 12. Qe2 Ng6 13. Nc4 Qa6 14. Ne3 Qxe2 15. Nxe2 Bb5 16. Re1 Bc5 17. Ng3 O-O 18.
a4 Bd3 19. b4 Be7 20. Bb2 Bf6 21. Ra3 Nf4 22. Ng4 Bh4 23. Ne5 Rfd8 24. Nf3 Bf6 25. h3 h6 26. Nd2 Bc2 27. Nde4 Be7 28. Bc1 Nd5 29. Bb2 Bd3 30. f3 Bc4 31. Kf2 Nf4 32. Kg1 Nd3 33. Rb1 Nxb2 34. Rxb2 Rd1+ 35. Kf2 Rcd8 36. Ne2 f5 37. N4g3 Bh4 38. f4 e5 39.
Kf3 Bd5+ 40. Ke3 exf4+ 41. Kxf4 Be6 42. Ke5 Bc8 43. c4 Re8+ 0-1

[Event "Early-Titled-Tuesday-Blitz-January-16-2024"]
[Site "Chess.com"]
[Date "2024.01.16"]
[Round "9"]
[White "Bushonica"]
[Black "UnTucopalaTimba"]
[Result "1-0"]
[WhiteElo "1819"]
[BlackElo "1987"]
[TimeControl "180+1"]
[EndTime "9:48:24 PST"]
[Termination "Bushonica won by resignation"]

1. e4 c6 2. d4 d5 3. exd5 cxd5 4. Bd3 Nf6 5. c3 Bg4 6. Nf3 Nc6 7. h3 Bh5 8. Bf4 e6 9. Nbd2 Be7 10. Qb3 Qc8 11. Ne5 Bg6 12. Bxg6 hxg6 13. O-O O-O 14. Rae1 Nd7 15.
Ndf3 a6 16. a4 Ndxe5 17. Nxe5 Bf6 18. Ng4 Be7 19. Qc2 Na5 20. Qd3 Nc4 21. b3 Nd6 22.
Bxd6 Bxd6 23. Ne5 Bxe5 24. Rxe5 Qc6 25. Rc1 Rac8 26. Qg3 f6 27. Re3 Kf7 28. Qg4 Rfe8 29. Rg3 g5 30. h4 g6 31. hxg5 f5 32. Qf4 Qc7 33. Qxc7+ Rxc7 34. Rh3 Kg7 35. Re1 Rc6 36. f4 Rec8 37. Ree3 b5 38. axb5 axb5 39. b4 Ra8 40. Rh6 Ra1+ 41. Kh2 Rc1 42. Reh3 R6xc3 43. Rh7+ Kf8 44.
Rh8+ Ke7 45. R3h7+ Kd6 46. Rd8+ Kc6 47. Re8 Kd6 48.
Rd8+ Kc6 49. Re7 Kb6 50. Rb8+ Kc6 51. Rxe6+ Kd7 52. Rxg6 1-0

[Event "Early-Titled-Tuesday-Blitz-January-16-2024"]
[Site "Chess.com"]
[Date "2024.01.16"]
[Round "9"]
[White "Zavgorodniy_Sergiy"]
[Black "Doublekk14"]
[Result "1/2-1/2"]
[WhiteElo "2605"]
[BlackElo "2289"]
[TimeControl "180+1"]
[EndTime "9:48:25 PST"]
[Termination "Game drawn by repetition"]

1. e4 c5 2. Nf3 e6 3. g3 Nc6 4. Bg2 d5 5. e5 Nge7 6. O-O Ng6 7. Re1 Qc7 8. d4 cxd4 9. Bf4 Nxf4 10. gxf4 Bc5 11. Nbd2 Bd7 12. Nb3 Bb6 13. a4 a5 14.
Nbxd4 Nxd4 15. Nxd4 Rc8 16. c3 O-O 17. f5 Bxd4 18.
cxd4 Qc2 19. Rc1 Qxf5 20. Qd2 b6 21. b3 h6 22. h3 Qg5 23. f4 Qf5 24. Bf1 Qg6+ 25.
Kh2 Qh5 26. Ba6 Rxc1 27. Rxc1 Qf3 28. Rc3 Qh5 29. Be2 Qf5 30. Rc7 Be8 31. Bd3 Qh5 32.
Qf2 Qd1 33. Bc2 Qh5 34. f5 exf5 35. Bxf5 g6 36. e6 Bxa4 37. Rxf7 gxf5 38. Qg3+ Qg5 39.
Qc7 Rxf7 40. Qxf7+ Kh8 41. bxa4 Qd2+ 42. Kg3 Qe3+ 43.
Kg2 Qe2+ 44. Kg3 Qe3+ 45. Kg2 Qe2+ 46. Kg3 Qe3+ 1/2-1/2

[Event "Early-Titled-Tuesday-Blitz-January-16-2024"]
[Site "Chess.com"]
[Date "2024.01.16"]
[Round "9"]
[White "Hikaru"]
[Black "wonderfultime"]
[Result "1-0"]
[WhiteElo "3228"]
[BlackElo "3004"]
[TimeControl "180+1"]
[EndTime "9:48:27 PST"]
[Termination "Hikaru won by resignation"]

1. e4 e5 2. Bc4 Nf6 3. d3 c6 4. Nf3 d5 5. Bb3 Bb4+ 6. Bd2 Bxd2+ 7. Qxd2 a5 8. a3 Qc7 9. Qg5 O-O 10. Qxe5 Qxe5 11. Nxe5 dxe4 12. d4 Nbd7 13. Nc3 Nxe5 14. dxe5 Ng4 15. e6 Bxe6 16. Bxe6 fxe6 17. Nxe4 Rf4 18.
f3 Ne3 19. Kf2 Nxc2 20. Rad1 e5 21. Nc5 b6 22. Nd7 e4 23. Kg3 Rf5 24. fxe4 Rb5 25. e5 Re8 26. Rd3 c5 27. Rd6 Rb3+ 28. Kf4 Nd4 29. Rxb6 Rd3 30. Nxc5 Rd2 31. Ke3 Re2+ 32. Kxd4 R2xe5 33. Rb8 Rxb8 34. Kxe5 Rxb2 35. g3 Kf7 36. h4 Kg6 37. Rd1 Ra2 38. Rd3 Kh5 39. Ne6 g6 40. Kf6 Kg4 41. Kg7 h5 42. Kxg6 a4 43. Nc5 Rf2 44. Rd4+ Kxg3 45. Ne4+ 1-0

[Event "Early-Titled-Tuesday-Blitz-January-16-2024"]
[Site "Chess.com"]
[Date "2024.01.16"]
[Round "9"]
[White "Bigfish1995"]
[Black "Anton_Demchenko"]
[Result "1-0"]
[WhiteElo "3056"]
[BlackElo "2988"]
[TimeControl "180+1"]
[EndTime "9:48:27 PST"]
[Termination "Bigfish1995 won by resignation"]

1. e4 e5 2. Nf3 Nc6 3. Bb5 a6 4.
Ba4 Nge7 5. c3 Ng6 6. d4 exd4 7.
cxd4 Bb4+ 8. Nc3 d5 9. exd5 Bxc3+ 10. bxc3 Qxd5 11. O-O O-O 12. Ng5 Na5 13. f3 Bf5 14.
Re1 b5 15. Bb3 Nxb3 16. Qxb3 Qxb3 17. axb3 a5 18. Ne4 Rfe8 19. Kf2 a4 20. bxa4 bxa4 21. Nc5 Rxe1 22. Kxe1 Ne7 23. Rxa4 Rxa4 24. Nxa4 Nd5 25. c4 Nb6 26. Nb2 c6 27. Kd2 Kf8 28. Kc3 Ke8 29.
Kb4 Nd7 30. Bf4 f6 31. h4 h6 32. h5 Be6 33. Nd1 Bf7 34. g4 f5 35. Ne3 fxg4 36.
fxg4 Be6 37. Ka5 Nf6 38. Kb6 Kd7 39. Kc5 Bxg4 40. Nxg4 Nxg4 41. Be5 Nf6 42. Bxf6 gxf6 43. d5 cxd5 44. Kxd5 f5 45. Ke5 Kc6 46. Kxf5 Kc5 47. Kg6 Kxc4 48. Kxh6 Kd5 49. Kg7 1-0

[Event "Early-Titled-Tuesday-Blitz-January-16-2024"]
[Site "Chess.com"]
[Date "2024.01.16"]
[Round "9"]
[White "evgchess5"]
[Black "Polish_fighter3000"]
[Result "0-1"]
[WhiteElo "2986"]
[BlackElo "3082"]
[TimeControl "180+1"]
[EndTime "9:48:27 PST"]
[Termination "Polish_fighter3000 won on time"]

1. e4 c6 2. d4 d5 3. exd5 cxd5 4.
Bd3 Nc6 5. c3 Qc7 6. h3 e6 7.
Nf3 Bd6 8. O-O Nge7 9. Re1 Bd7 10. b3 a6 11. c4 f6 12. Nc3 O-O-O 13. a3 g5 14. c5 Bf4 15. b4 e5 16. b5 e4 17.
bxc6 Bxc6 18. Nxe4 dxe4 19. Bxe4 Nd5 20. Bxf4 Nxf4 21. Qc2 h5 22. Bxc6 Qxc6 23. Qe4 Rhe8 24. Qf5+ Kb8 25. Rxe8 Rxe8 26. Rb1 Ne2+ 27. Kf1 g4 28.
hxg4 hxg4 29. Qxg4 Ka7 30. Rb6 Qa4 31. Rb1 Re7 32.
Re1 Qb5 33. g3 Nxg3+ 34. Kg2 Ne2 35. Qf5 Rg7+ 36. Kh2 Qe8 37. Nh4 Qh8 38. Kh3 Nxd4 39.
Qf4 Nc6 40. Re6 Rg1 41. Kh2 Qg7 42. Rxf6 Rd1 0-1

[Event "Early-Titled-Tuesday-Blitz-January-16-2024"]
[Site "Chess.com"]
[Date "2024.01.16"]
[Round "9"]
[White "Matols"]
[Black "Herzog2012"]
[Result "0-1"]
[WhiteElo "2389"]
[BlackElo "2536"]
[TimeControl "180+1"]
[EndTime "9:48:27 PST"]
[Termination "Herzog2012 won on time"]

1. d4 Nf6 2. c4 e6 3. g3 d5 4. Nf3 Be7 5. Bg2 O-O 6. O-O dxc4 7. Qc2 a6 8. a4 Bd7 9. Qxc4 Bc6 10. Bf4 a5 11. Nc3 Na6 12. Rfd1 Nb4 13. Nb5 Nfd5 14. Be5 Bd6 15. e4 Nb6 16. Qe2 Bxe5 17. Nxe5 Bxb5 18. axb5 Qe7 19. h4 Rfd8 20. h5 h6 21. Bh3 Rd6 22. Nf3 c5 23. bxc6 Nxc6 24. Qb5 Qd8 25. d5 exd5 26. exd5 Nxd5 27. Qxb7 Rb8 28. Qa6 Rxb2 29.
Qd3 Qb6 30. Rf1 Ncb4 31. Qf5 Qd8 32. Rae1 Rf6 33. Qe4 Qe7 34. Qxe7 Nxe7 35. Rxe7 Rxf3 36. Re8+ Kh7 37. Ra8 Ra2 38. Kg2 Rf6 39. g4 Nd3 0-1

[Event "Early-Titled-Tuesday-Blitz-January-16-2024"]
[Site "Chess.com"]
[Date "2024.01.16"]
[Round "9"]
[White "talaicito"]
[Black "ChessBliss09"]
[Result "0-1"]
[WhiteElo "2266"]
[BlackElo "2102"]
[TimeControl "180+1"]
[EndTime "9:48:29 PST"]
[Termination "ChessBliss09 won on time"]

1. d4 d5 2. Nc3 Nf6 3. Bf4 c6 4. e3 Bf5 5. f3 e6 6. g4 Bg6 7. h4 h5 8. g5 Nfd7 9. Bd3 Bxd3 10.
Qxd3 g6 11. Nge2 b5 12. e4 b4 13. Na4 Nb6 14. Nc5 N8d7 15. Nb7 Qc8 16. Nd6+ Bxd6 17.
Bxd6 Nc4 18. Bxb4 a5 19. Ba3 Qb7 20. Nf4 Qc7 21. e5 Nxa3 22. Qxa3 c5 23. c3 O-O 24. O-O cxd4 25. cxd4 Qb6 26. Qe3 Qxb2 27. Rfb1 Qc2 28. Rb7 Rad8 29. Qd3 Qc6 30. Rab1 Kg7 31. a3 a4 32. R7b4 Rb8 33. Ne2 Rxb4 34. Rxb4 Rb8 35. Qc3 Qxc3 36. Nxc3 Rxb4 37. axb4 Nb6 38. Kf2 a3 39.
Ke2 Nc4 40. Kd3 Kf8 41. Kc2 Ke7 42. Kb3 Kd7 43. Nb5 Kc6 44. Nxa3 Nd2+ 45. Kc3 Nxf3 0-1

[Event "Early-Titled-Tuesday-Blitz-January-16-2024"]
[Site "Chess.com"]
[Date "2024.01.16"]
[Round "9"]
[White "baki83"]
[Black "otrov-11"]
[Result "0-1"]
[WhiteElo "2848"]
[BlackElo "2525"]
[TimeControl "180+1"]
[EndTime "9:48:30 PST"]
[Termination "otrov-11 won on time"]

1. e4 e6 2. Nf3 d5 3. e5 c5 4. c3 Nc6 5. d4 Qb6 6. Be2 Nh6 7. Bxh6 gxh6 8. Qd2 cxd4 9. cxd4 Rg8 10.
O-O Rg4 11. Rd1 h5 12. Nc3 Bd7 13. h3 Rg6 14. Bd3 Bh6 15. Qe1 Rg7 16. Nb5 Kf8 17.
a4 a6 18. a5 Qd8 19. Nd6 b6 20. b4 bxa5 21. bxa5 f6 22. Rdb1 fxe5 23. dxe5 Kg8 24.
Rb7 Qf8 25. Kh1 Bf4 26. Rab1 Nxe5 27. Nxe5 Qxd6 28. Nxd7 Rxd7 29. R7b6 Qe5 30. Qxe5 Bxe5 31. Rxe6 Bd4 32. f4 Bc3 33. Rh6 Bxa5 34. Rxh5 Bc3 35.
Rxd5 Rxd5 36. Bc4 Rd8 37. Rd1 Kg7 38. Bxd5 a5 39. Rd3 Bb4 40. Rg3+ Kf6 41. Bb3 h5 42. h4 Be1 43. Rg5 Bxh4 44. Rxh5 Bg3 45. f5 Rb8 46. Rh6+ Kg5 47. Rg6+ Kf4 0-1